 Dungeon Crawl Stone Soup version 0.31.0-1-g2c135a008e (webtiles) character file.

Game seed: 14069636603364914856

55 qw the Shooter (level 4, 0/35 HPs)
             Began as a Djinni Hunter on Jan 23, 2024.
             Slain by an orc
             ... wielding a +0 flail
              (1 damage)
             ... on level 2 of the Dungeon.
             The game lasted 00:00:03 (953 turns).

qw the Shooter (Djinni Hunter)                       Turns: 953, Time: 00:00:03

Health: 0/35       AC:  3    Str: 10    XL:     4   Next: 14%
Gold:   10         EV: 12    Int: 10    God:
                   SH:  0    Dex: 19

rFire   + + .        a - +0 shortbow
rCold   x . .        (shield currently unavailable)
rNeg    . . .        c - +0 leather armour
rPois   inf          (no helmet)
rElec   .            (no cloak)
rCorr   .            (no gloves)
SInv    .            (boots unavailable)
Will    .....        (no amulet)
Stlth   ++           (no ring)
HPRegen 0.25/turn    (no ring)
MPRegen 0.00/turn

%: infuse magic (-1 HP)
@: flying
A: sickness immunity, fire resistance 2, cold vulnerability 1, float, innate
caster, HP casting, extra vitality 1
a: no special abilities


You were on level 2 of the Dungeon.
You visited 1 branch of the dungeon, and saw 2 of its levels.

You collected 57 gold pieces.
You spent 47 gold pieces at shops.


Innate Abilities, Weirdness & Mutations

You are immune to sickness and miasma.
You are immune to poison.
Your flesh is very heat resistant. (rF++)
You are vulnerable to cold. (rC-)
You float through the air rather than walking.
You learn spells naturally, not from books.
Your magical power is your life essence.
You have superior vitality. (+4 MHP)


   Skills:
 - Level 3.1 Fighting
 - Level 4.0 Ranged Weapons
 + Level 2.1 Dodging
 - Level 0.7 Stealth


You knew the following spells:

 Your Spells              Type           Power      Damage    Failure   Level
a - Sting                 Conj/Alch      0%         1d3       45%         1
Your spell library was empty.

Inventory:

Hand Weapons
 a - a +0 shortbow (weapon)
Armour
 c - a +0 leather armour (worn)
Scrolls
 b - 3 scrolls of identify
Potions
 d - a potion of haste
 f - a potion of invisibility {unknown}
 g - a potion of cancellation {unknown}
 i - a potion of mutation {unknown}

Dungeon Overview and Level Annotations

Branches:
Dungeon (2/15)

Altars:

Shops:
D:1 *


Message History

The orc priest hits you with a +0 short sword.
You shoot an arrow. The arrow barely misses the orc priest.
The arrow hits the orc.
The orc is almost dead.
The orc priest calls upon Beogh to heal the orc.
The orc's wounds heal themselves!
The orc barely misses you.
The orc priest hits you with a +0 short sword.
You shoot an arrow. The arrow hits the orc priest.
The orc priest is moderately wounded.
The orc priest hits you with a +0 short sword.
An orc comes into view. It is wielding a +1 dagger of draining.
The orc closely misses you.
You shoot an arrow. The arrow hits the orc priest!
The orc priest is almost dead.
The orc priest misses you. The orc barely misses you.
You shoot an arrow.
The arrow hits the orc priest but does no damage.
The orc priest is almost dead.
The orc priest closely misses you. The orc misses you.
The orc hits you with a +0 flail.
You shoot an arrow.
The arrow hits the orc priest but does no damage.
The orc priest is almost dead.
The orc priest hits you with a +0 short sword.
The orc hits you with a +0 dagger. The orc hits you with a +0 flail!
The orc barely misses you. The orc completely misses you.
The orc priest looks encouraged for a moment.
You shoot an arrow. The arrow hits the orc priest!
You kill the orc priest!
The orc hits you with a +0 dagger. The orc barely misses you.
Your Fighting skill increases to level 3!
You have reached level 4!
You feel agile.
You shoot an arrow.
The arrow hits the orc but does no damage.
The orc hits you with a +0 flail. The orc hits you but does no damage.
You shoot an arrow.
The arrow hits the orc but does no damage.
The orc misses you. The orc hits you with a +0 dagger.
The orc hits you with a +0 flail.
You die...

#.... ..
##....#### ...#
#........#####....
.........##.......
..................
.................
......o.......|..
.....?o@....#
......o.....+
.......##...####
.......#.......#
.......#.#####.#
.......#. #.#
.......+. #.#####
........# #.....#
. #####.#


You could see 3 orcs.

Vanquished Creatures
  An orc priest (D:2)
  A dart slug (D:1)
  2 endoplasms (D:1)
  5 hobgoblins (D:1)
  3 kobolds
  2 frilled lizards (D:1)
  4 goblins (D:1)
  3 rats (D:1)
21 creatures vanquished.

Notes
Turn   | Place    | Note
-------+----------+-------------------------------------------
     0 | D:1      | qw the Djinni Hunter began the quest for the Orb.
     0 | D:1      | Reached XP level 1. HP: 18/18 MP: 0/0
     0 | D:1      | 0 ||| qw: Version: 0.3-a-136-gdd3b4e8
     0 | D:1      | 0 ||| qw: Game counter: 1064
     0 | D:1      | 0 ||| qw: Melee chars always use a shield: true
     0 | D:1      | 0 ||| qw: God list: Okawaru
     0 | D:1      | 0 ||| qw: Allow faded altars: false
     0 | D:1      | 0 ||| qw: Do Orc after clearing Dungeon:15 true
     0 | D:1      | 0 ||| qw: Do second Lair branch before Depths: true
     0 | D:1      | 0 ||| qw: Lair rune preference: random
     0 | D:1      | 0 ||| qw: Goals: Normal
     0 | D:1      | 0 ||| PLANNING D:1-11
    90 | D:1      | 90 ||| DROPPING scroll of butterflies.
   107 | D:1      | Reached XP level 2. HP: 23/23 MP: 0/0
   452 | D:1      | Reached XP level 3. HP: 28/28 MP: 0/0
   452 | D:1      | Learned a level 1 spell: Sting
   615 | D:1      | Found Ares's Assorted Antiques.
   635 | D:1      | 635 ||| BUYING lumpy inky potion (22 gold).
   635 | D:1      | Bought a lumpy inky potion for 22 gold pieces
   635 | D:1      | 635 ||| BUYING scroll labelled QUMPUE JUSU (25 gold).
   635 | D:1      | Bought a scroll labelled QUMPUE JUSU for 25 gold pieces
   635 | D:1      | 635 ||| SHOPLISTING scroll labelled WIYZAFO HAGHU (25 gold,
                  | have 2).
   635 | D:1      | 635 ||| SHOPLISTING viscous silvery potion (22 gold, have
                  | 2).
   676 | D:1      | Reached skill level 4 in Ranged Weapons
   856 | D:1      | 856 ||| READING scroll labelled YMESUF PUDUQ.
   857 | D:1      | 857 ||| READING scroll labelled WIYZAFO HAGHU.
   862 | D:1      | 862 ||| READING scroll labelled QUMPUE JUSU.
   862 | D:1      | 862 ||| IDENTIFYING viscous blue potion
   951 | D:2      | HP: 6/28 [orc/+0 dagger (3)]
   952 | D:2      | Reached skill level 3 in Fighting
   952 | D:2      | Reached XP level 4. HP: 7/35 MP: 0/0
   953 | D:2      | HP: 1/35 [orc/+0 dagger (2)]
   953 | D:2      | Slain by an orc

Levels and vault maps discovered:
D:1:      erik_arrival_cave_to_civilisation [erik_arrival_cave_to_hall],
          layout_basic, serial_shops, nicolae_shop_window_shopping,
          minmay_distorted
D:2:      minmay_alternating_diamond, layout_basic, minmay_hexomino_c4

Skill      XL: |  1  2  3 |
---------------+----------+-----
Ranged Weapons | 4 |  4.0
Fighting       | 3 |  3.1
Dodging        | |  2.1
Stealth        | |  0.7

Action                     |  1- 3 |  4- 6 || total
---------------------------+-------+-------++-------
   Fire: Shortbow          |    68 |     2 ||    70
    Use: Scroll            |     3 |       ||     3
 Armour: Leather armour    |    20 |     4 ||    24
  Dodge: Dodged            |    18 |     1 ||    19

Table legend:
 A = Non-vault XP
 B = Vault XP
 C = Vault XP percentage of total XP
 D = Non-vault monster count
 E = Vault monster count
 F = Vault count percentage of total count
                 A         B        C        D         E       F
            +---------+---------+-------+---------+---------+-------
      Total |      71 |       8 |  10.1 |      17 |       4 |  19.0
            +---------+---------+-------+---------+---------+-------
        D:1 |      26 |       8 |  23.5 |      15 |       4 |  21.1
        D:2 |      45 |       0 |   0.0 |       2 |       0 |   0.0
            +---------+---------+-------+---------+---------+-------
